Map: Prion Terraces

Players

ShoWTimE - Winner!

  • Race: Protoss Protoss
  • League: Master

Beastyqt

  • Race: Terran Terran
  • League: Master

Event: DreamHack ZOWIE Open Leipzig

VOD

Have the link to the VOD?

Description

Time

  • Played on: Jan. 22, 2016, 7:44 a.m.
  • Length: 8:04

All games in this series

Show
View Real Time Build Order
Export as new Build Order

ShoWTimE Protoss - Winner!

Build Orders: 1 Gate Expand, Phoenix Opening 

Get SALT Encoding   

  12  0:01  Probe (Chrono Boost)  
  13  0:11  Probe (Chrono Boost)  
  14  0:18  Pylon  
  14  0:22  Probe (Chrono Boost)  
  15  0:36  Gateway, Probe (Chrono Boost)  
  15  0:42  Assimilator  
  16  0:47  Probe (Chrono Boost)  
  17  0:57  Probe (Chrono Boost)  
  18  1:08  Probe (Chrono Boost)  
  19  1:25  Cybernetics Core  
  19  1:31  Nexus  
  19  1:37  Zealot (Chrono Boost)  
  21  1:47  Probe, Pylon  
  22  1:55  Assimilator  
  22  2:05  Mothership Core (Chrono Boost)  
  22  2:08  Adept (Chrono Boost)  
  26  2:23  Probe (Chrono Boost)  
  27  2:32  Warp Gate  
  27  2:35  Probe  
  30  2:37  Adept (Chrono Boost)  
  30  2:41  Probe  
  31  2:47  Probe  
  32  2:52  Probe (Chrono Boost)  
  33  2:59  Probe (Chrono Boost)  
  33  3:00  Stargate  
  33  3:04  Probe (Chrono Boost)  
  35  3:10  Probe (Chrono Boost)  
  36  3:15  Stalker, Probe (Chrono Boost)  
  39  3:20  Pylon  
  39  3:24  Probe (Chrono Boost)  
  39  3:26  Probe (Chrono Boost)  
  41  3:35  Probe (Chrono Boost)  
  41  3:39  Probe (Chrono Boost), Pylon  
  43  3:45  Probe (Chrono Boost)  
  43  3:49  Probe, Phoenix (Chrono Boost)  
  46  3:57  Probe  
  46  3:59  Probe  
  48  4:04  Gateway  
  48  4:10  Gateway  
  48  4:12  Phoenix (Chrono Boost)  
  48  4:14  Probe  
  48  4:15  Probe  
  52  4:25  Probe  
  52  4:27  Probe  
  52  4:28  Pylon  
  54  4:35  Twilight Council, Phoenix (Chrono Boost)  
  54  4:37  Probe  
  56  4:39  Probe  
  58  4:47  Pylon  
  58  4:49  Probe  
  58  4:51  Probe  
  60  4:57  Assimilator  
  60  4:59  Phoenix (Chrono Boost)  
  62  5:00  Probe  
  62  5:06  Probe  
  64  5:08  Resonating Glaives (Chrono Boost)  
  64  5:15  Nexus  
  64  5:17  Pylon  
  64  5:19  Probe  
  65  5:21  Assimilator  
  65  5:22  Phoenix (Chrono Boost)  
  67  5:32  Forge  
  67  5:33  Adept  
  67  5:34  Adept  
  71  5:37  Probe  
  71  5:39  Probe  
  73  5:43  Pylon  
  73  5:47  Phoenix  
  73  5:49  Probe  
  74  5:51  Probe  
  74  5:55  Gateway  
  77  6:00  Gateway  
  77  6:02  Probe  
  77  6:04  Probe  
  79  6:12  Protoss Ground Weapons Level 1 (Chrono Boost)  
  79  6:14  Probe  
  79  6:15  Adept x2  
  79  6:17  Probe  
  85  6:22  Pylon  
  85  6:27  Phoenix  
  87  6:35  Robotics Facility  
  87  6:39  Probe, Pylon  
  88  6:40  Probe  
  88  6:43  Pylon  
  89  6:51  Probe  
  89  6:52  Gateway, Phoenix  
  92  6:56  Gateway  
  92  6:58  Adept x3  
  92  7:00  Sentry  
  100  7:07  Pylon  
  100  7:10  Adept  
  100  7:13  Gateway  
  102  7:16  Pylon  
  102  7:17  Phoenix  
  102  7:19  Pylon  
  104  7:24  Observer  
  105  7:31  Adept x2  
  105  7:32  Adept x3  
  115  7:37  Pylon  
  117  7:50  Pylon  
  117  7:56  Adept x3  
  117  7:57  Adept x4  
Show
View Real Time Build Order
Export as new Build Order

Beastyqt Terran 

Build Orders: MMM Bio 

Get SALT Encoding   

  12  0:00  SCV  
  13  0:12  SCV  
  14  0:21  Supply Depot  
  14  0:25  SCV  
  15  0:42  SCV, Barracks  
  16  0:46  Refinery  
  16  0:54  SCV  
  17  0:57  Refinery  
  17  1:07  SCV  
  18  1:19  SCV  
  19  1:29  Reaper  
  19  1:31  Orbital Command  
  20  1:38  Supply Depot  
  20  1:48  Factory  
  20  1:56  SCV  
  21  2:01  Reaper  
  22  2:08  SCV  
  23  2:20  SCV  
  24  2:25  Supply Depot  
  24  2:33  SCV, Reaper  
  26  2:47  Command Center  
  26  2:48  Factory Tech Lab, SCV  
  27  3:00  SCV  
  28  3:07  Cyclone, Mag-Field Accelerator  
  28  3:12  SCV  
  32  3:18  Barracks  
  32  3:27  SCV  
  32  3:33  Barracks  
  33  3:39  SCV, Cyclone  
  37  3:51  SCV  
  37  3:53  Barracks  
  38  3:58  Engineering Bay  
  38  4:00  Orbital Command  
  38  4:03  SCV  
  39  4:12  Cyclone  
  39  4:17  Barracks Reactor  
  42  4:18  SCV  
  42  4:22  Barracks Tech Lab  
  39  4:30  Orbital Command  
  39  4:32  SCV  
  40  4:41  Missile Turret  
  40  4:47  SCV  
  40  4:52  Marine x2  
  41  4:53  Stimpack  
  41  4:55  SCV  
  41  4:59  SCV  
  45  5:04  Supply Depot  
  45  5:06  Combat Shields, Marine  
  46  5:07  SCV, Starport  
  46  5:11  SCV  
  46  5:13  Refinery, Marine  
  49  5:19  SCV  
  50  5:24  SCV  
  50  5:25  Supply Depot  
  50  5:26  Bunker  
  50  5:27  Marine x2  
  52  5:31  SCV  
  52  5:32  Marine x2  
  52  5:33  Factory Reactor  
  55  5:36  SCV  
  55  5:39  Terran Infantry Weapons Level 1  
  56  5:45  Marine x2  
  58  5:50  Supply Depot, SCV, Marine x2  
  58  5:52  SCV  
  62  6:03  SCV, Marine x2  
  65  6:04  SCV  
  65  6:07  Ghost Academy  
  65  6:09  Supply Depot, Marine x2  
  68  6:12  Missile Turret  
  68  6:15  SCV  
  69  6:20  Refinery, Marine  
  69  6:23  Missile Turret, Medivac  
  71  6:27  Medivac  
  71  6:28  SCV  
  74  6:34  Supply Depot  
  74  6:35  Supply Depot  
  74  6:39  Marine x2  
  76  6:42  Ghost  
  78  6:48  Ghost  
  79  6:57  Medivac x2  
  83  7:10  Barracks x2  
  83  7:14  Marauder  
  83  7:15  Marine x2  
  87  7:17  Marauder  
  89  7:26  Supply Depot  
  89  7:29  Medivac x2  
  93  7:30  Supply Depot  
  93  7:35  Marine x2  
  95  7:43  Marauder  
  97  7:44  Marine  
  97  7:47  Supply Depot  

Tags
 
Add a new tag
Caveats
  • Supply blocks, unpowered buildings, or Contaminate may cause inaccurate times.
  • Supply counts are checked every 10 seconds.